 Dungeon Crawl Stone Soup version 0.29-a0-330-g52719c12eb (webtiles) character file.

Game seed: 1414234640621637355

24 Anon1729 the Poker (level 3, -1/29 HPs)
             Began as a Merfolk Monk on May 18, 2022.
             Slain by a gnoll
             ... wielding a +2 spear of flaming
              (7 damage)
             ... on level 1 of the Dungeon.
             The game lasted 00:01:51 (642 turns).

Anon1729 the Poker (Merfolk Monk)                    Turns: 642, Time: 00:01:52

Health: -1/29      AC:  3    Str: 13    XL:     3   Next: 2%
Magic:  3/3        EV: 13    Int:  9    God:
Gold:   39         SH:  0    Dex: 16    Spells: 2/2 levels left

rFire   . . .      SeeInvis .   a - +0 spear
rCold   . . .      Faith    .   (no shield)
rNeg    . . .      Spirit   .   d - +0 leather armour
rPois   .          Reflect  .   (no helmet)
rElec   .          Harm     .   (no cloak)
rCorr   .          Rampage  .   (no gloves)
Will    .....                   (no boots)
Stlth   ++........              (no amulet)
HPRegen 0.09/turn               (no ring)
MPRegen 0.08/turn               (no ring)

@: no status effects
A: (nimble swimmer 2), mertail
a: no special abilities


You were on level 1 of the Dungeon.
You visited 1 branch of the dungeon, and saw 1 of its levels.

You collected 39 gold pieces.

Inventory:

Hand Weapons
 a - a +0 spear (weapon)
Armour
 b - a +0 robe
 d - a +0 leather armour (worn)
Scrolls
 e - 2 scrolls of fear {unknown}
 h - a scroll of teleportation {unknown}
Potions
 c - a potion of ambrosia
 f - a potion of brilliance {unknown}
 g - a potion of magic {unknown}


   Skills:
 + Level 3.5 Fighting
 * Level 4.6 Polearms
 + Level 4.3 Dodging
 + Level 2.6 Stealth


You had 2 spell levels left.
You didn't know any spells.
Your spell library contained the following spells:

 Spells                   Type           Power      Damage    Failure   Level
 Animate Skeleton         Necr           0%         N/A       45%         1
 Pain                     Necr           0%         1d4       45%         1
 Vampiric Draining        Necr           0%         2d6       83%         3


Dungeon Overview and Level Annotations

Branches:
Dungeon (1/15)

Altars:


Innate Abilities, Weirdness & Mutations

((You are very nimble when in or above water. (Stealth+, EV+, Speed+++)))
Your lower body shifts to a powerful aquatic tail in water.


Message History

You see here a scroll labelled CIPRI LUUNUQ.
e - 2 scrolls labelled CIPRI LUUNUQ (gained 1)
You see here a rat skeleton.
Your legs become a tail as you enter the water.
Your legs become a tail as you enter the water.
You hit the gnoll but do no damage.
The gnoll hits you with a +2 spear of flaming.
The gnoll burns you.
You hit the gnoll.
The gnoll is moderately wounded.
The gnoll hits you with a +2 spear of flaming.
The gnoll burns you.
You hit the gnoll.
The gnoll is heavily wounded.
The gnoll splashes around in the water.
You closely miss the gnoll.
The gnoll is heavily wounded.
The gnoll hits you with a +2 spear of flaming.
The gnoll burns you.
You hit the gnoll.
The gnoll is severely wounded.
The gnoll closely misses you.
You barely miss the gnoll.
The gnoll is severely wounded.
The gnoll splashes around in the water.
You closely miss the gnoll.
The gnoll is severely wounded.
You hit the gnoll but do no damage.
The gnoll is severely wounded.
The gnoll barely misses you.
You barely miss the gnoll.
The gnoll is severely wounded.
The gnoll hits you with a +2 spear of flaming.
* * * LOW HITPOINT WARNING * * *
The gnoll burns you.
* * * LOW HITPOINT WARNING * * *
You hit the gnoll.
The gnoll is almost dead.
The gnoll hits you with a +2 spear of flaming!
You die...

...# ####.##
#.........### .###
#..# #.######....# .#
##.## #.# #.##.# .#
#..# #.# #†...# ##
##.######.######.####
#.#≈≈≈≈♣.♣≈≈≈≈#.#####
#g#≈.P.......≈#......
#.#≈PPP.....P≈#.#####
#.#♣@P.......♣#.#
#..g....<.......#
#.#♣.♣.....P.♣#.#####
#.#≈♣♣♣...PPP≈#.##...
#.#≈.♣.....P.≈#.##.##
#.#≈...♣.♣...≈#.##.#
#.#≈≈≈≈♣.♣≈≈≈≈#>.#.#
#.######.#######.#.#
#.........## #.#.#


You could see a gnoll.

Vanquished Creatures
  3 dart slugs (D:1)
  3 ball pythons (D:1)
  A bat (D:1)
  2 endoplasms (D:1)
  2 goblins (D:1)
  2 hobgoblins (D:1)
  A frilled lizard (D:1)
  A kobold (D:1)
  2 rats (D:1)
17 creatures vanquished.

Vanquished Creatures (others)
  5 toadstools (D:1)
5 creatures vanquished.

Grand Total: 22 creatures vanquished

Notes
Turn   | Place    | Note
-------+----------+-------------------------------------------
     0 | D:1      | Anon1729 the Merfolk Monk began the quest for the Orb.
     0 | D:1      | Reached XP level 1. HP: 18/18 MP: 1/1
   126 | D:1      | Reached XP level 2. HP: 13/24 MP: 2/2
   565 | D:1      | Reached XP level 3. HP: 29/29 MP: 3/3
   642 | D:1      | Slain by a gnoll

Illustrated notes

Levels and vault maps discovered:
D:1:      ldierk_walled_garden, layout_basic,
          shapermc_ecumenical_altar_starsandcircs

Action                   || total
-------------------------++-------
Melee: Spear             ||    61
       Punch             ||     1
 Stab: Sleeping          ||     1
Armor: Leather armour    ||     8
Dodge: Dodged            ||    27

Table legend: (Time is in decaauts)
 A = Elapsed time spent in this place.
 B = Non-inter-level travel time spent in this place.
 C = Inter-level travel time spent in this place.
 D = Time resting spent in this place.
 E = Time spent auto-exploring this place.
 F = Levels seen in this place.
 G = Mean time per level.
                   A        B        C        D        E       F      G
               +--------+--------+--------+--------+--------+-----+--------+
         Total |    634 |    634 |      0 |      0 |    457 |   1 |  634.0 |
       Dungeon |    634 |    634 |      0 |      0 |    457 |   1 |  634.0 |
               +--------+--------+--------+--------+--------+-----+--------+

Top non-repeatable levels by time:
     D:1: 634 daAuts
